 Dungeon Crawl Stone Soup version 0.25-a0-161-gb7fd73da8f (webtiles) character file.

Game seed: 3299228000629610047, levelgen mode: deterministic

117 floatRand the Slasher (level 4, -4/34 HPs)
             Began as a Demonspawn Gladiator on Nov 21, 2019.
             Slain by an orc warrior
             ... wielding a +0 long sword
              (16 damage)
             ... on level 3 of the Dungeon.
             The game lasted 00:03:25 (2722 turns).

floatRand the Slasher (Demonspawn Gladiator)        Turns: 2722, Time: 00:03:26

Health: -4/34      AC:  5    Str: 11 (14) XL:     4   Next: 71%
Magic:  4/4        EV: 13    Int:  9 (10) God:
Gold:   131        SH:  0    Dex: 14 (15) Spells: 3/3 levels left

rFire    . . .     SeeInvis .   a - +1 long sword
rCold    . . .     Gourm    .   (no shield)
rNeg     . . .     Faith    .   b - +0 leather armour
rPois    .         Spirit   .   (helmet restricted)
rElec    .         Reflect  .   (no cloak)
rCorr    .         Harm     .   (no gloves)
MR       .....                  (no boots)
Stlth    +.........             (no amulet)
HPRegen  0.11/turn              (no ring)
MPRegen  0.09/turn              (no ring)

@: no status effects
A: antennae 1, thin metallic scales 1
a: no special abilities


You were on level 3 of the Dungeon.
You were not hungry.

You visited 1 branch of the dungeon, and saw 3 of its levels.

You collected 131 gold pieces.

Inventory:

Hand Weapons
 a - a +1 long sword (weapon)
Missiles
 d - 3 throwing nets (quivered)
Armour
 b - a +0 leather armour (worn)
Scrolls
 c - a scroll of amnesia
 j - a scroll of enchant weapon
 l - a scroll of identify
 n - a scroll of noise
 o - 2 scrolls of teleportation {unknown}
Comestibles
 f - 7 rations


   Skills:
 + Level 2.8 Fighting
 + Level 3.6 Long Blades
 - Level 1.7 Throwing
 + Level 1.3 Armour
 + Level 3.6 Dodging


You had 3 spell levels left.
You didn't know any spells.
Your spell library contained the following spells:

 Spells                   Type           Power        Failure   Level  Hunger
 Animate Skeleton         Necr           N/A          47%         1    ##.....
 Apportation              Tloc           #.....       47%         1    ##.....
 Confusing Touch          Hex            #.....       47%         1    ##.....
 Magic Dart               Conj           #...         47%         1    ##.....
 Summon Small Mammal      Summ           #...         47%         1    ##.....
 Blink                    Tloc           N/A          63%         2    ###....
 Call Imp                 Summ           #.......     63%         2    ###....
 Slow                     Hex            #.......     63%         2    ###....
 Conjure Flame            Conj/Fire      #.......     85%         3    ####...
 Mephitic Cloud           Conj/Pois/Air  #.......     85%         3    ####...


Dungeon Overview and Level Annotations

Branches:
Dungeon (3/15)

Altars:
Dithmenos
Yredelemnul


Innate Abilities, Weirdness & Mutations

You have a pair of small antennae on your head.
You are partially covered in thin metallic scales. (AC +2)


Message History

It is a scroll of identify.
n - a scroll of noise The orc warrior barely misses you.
You riposte.
You hit the orc warrior.
The orc warrior is heavily wounded.
You closely miss the orc warrior.
The orc warrior is heavily wounded.
The orc warrior hits you with a +0 long sword!
You barely miss the orc warrior.
The orc warrior is heavily wounded.
The orc warrior hits you with a +0 long sword!
You are too injured to fight recklessly!
You are too injured to fight recklessly!
As you read the scroll labeled CEMANU BYENOCK, it crumbles to dust.
It is a scroll of enchant weapon.
Your +0 long sword glows red for a moment.
The orc warrior hits you but does no damage.
As you read the scroll labeled HUKHIWUMA, it crumbles to dust.
You feel aware of your surroundings.
It was a scroll of magic mapping.
The orc warrior hits you with a +0 long sword!
You die...

##.........(.....###,,,....
***##...................,,,.>..
*,,................#####***####
*,**#§§.............#
*,**#§#......o......#
*,**§§§#.§##..{#....#
*,*,#.#§#.*###o##...# #
*,,,,_§§..* #o#*#..# #
***,#.#.#.* #@# *..#** #
*#.§,#..* #§#**,..,** #
##,*,.#* #§§**,*,,,* # *,,,**
**##.#*,,,*,* ### *****
*,,,..,,,,,,*****#..
*,,,...,,,,,,,,,....
*,,,.#.,,,,,*,,.....
*,,,.###**,,,,,.....
*,,<,***,,,****#....


You could see an orc warrior and an orc wizard.

Vanquished Creatures
  4 adders
  An ooze (D:2)
  3 worms
  4 dart slugs
  A leopard gecko (D:3)
  2 orcs (D:3)
  6 bats
  3 giant cockroaches
  8 goblins
  A hobgoblin (D:1)
  A quokka (D:2)
  A ball python (D:3)
  6 frilled lizards
  10 kobolds
  10 rats
61 creatures vanquished.

Notes
Turn   | Place    | Note
-------+----------+-------------------------------------------
     0 | D:1      | floatRand the Demonspawn Gladiator began the quest for the
                  | Orb.
     0 | D:1      | Reached XP level 1. HP: 16/16 MP: 1/1
   165 | D:1      | Gained mutation: You have a pair of small antennae on your
                  | head. [demonic ancestry]
   165 | D:1      | Reached XP level 2. HP: 19/22 MP: 2/2
   701 | D:2      | Reached XP level 3. HP: 19/27 MP: 3/3
  1352 | D:2      | Reached skill level 1 in Armour
  1431 | D:2      | Gained mutation: You are partially covered in thin metallic
                  | scales. (AC +2) [demonic ancestry]
  1431 | D:2      | Reached XP level 4. HP: 29/34 MP: 4/4
  1716 | D:2      | Found a basalt altar of Yredelemnul.
  2696 | D:3      | Found a shadowy altar of Dithmenos.
  2697 | D:3      | Noticed an orc warrior
  2722 | D:3      | Slain by an orc warrior

Levels and vault maps discovered:
D:1:      dpeg_arrival_boxes_within_box, layout_basic
D:2:      layout_loops_corners, serial_forest, infiniplex_forest_corner_2,
          infiniplex_forest_join, infiniplex_forest_straight_3,
          infiniplex_forest_corner_1, infiniplex_forest_side_room,
          infiniplex_forest_end_3, infiniplex_forest_end_1,
          infiniplex_forest_clump_medium, first_ration,
          minmay_misc_feat_columns, lemuel_statue_altar
D:3:      layout_rooms, minmay_crystal_room, grunt_dithmenos_smoke_and_mirrors,
          uniq_robin

Skill      XL: |  1  2  3 |
---------------+----------+-----
Long Blades    | 3 |  3.6
Dodging        | 3 |  3.6
Armour         | 1 |  1.3
Fighting       | |  2.8
Throwing       | |  1.7

Action                   |  1- 3 |  4- 6 || total
-------------------------+-------+-------++-------
Melee: Long sword        |   105 |    94 ||   199
  Use: Scroll            |       |     6 ||     6
       Potion            |       |     4 ||     4
 Stab: Sleeping          |       |     1 ||     1
  Eat: Chunk             |     1 |     5 ||     6
Armor: Leather armour    |    30 |    28 ||    58
       Skin              |       |     3 ||     3
Dodge: Dodged            |    84 |    76 ||   160
       Rpst.: Long sword |    25 |    21 ||    46

Table legend:
 A = Non-vault XP
 B = Vault XP
 C = Vault XP percentage of total XP
 D = Non-vault monster count
 E = Vault monster count
 F = Vault count percentage of total count
                 A         B        C        D         E       F
            +---------+---------+-------+---------+---------+-------
      Total |     168 |       0 |   0.0 |      61 |       0 |   0.0
            +---------+---------+-------+---------+---------+-------
        D:1 |      38 |       0 |   0.0 |      24 |       0 |   0.0
        D:2 |      90 |       0 |   0.0 |      25 |       0 |   0.0
        D:3 |      40 |       0 |   0.0 |      12 |       0 |   0.0
            +---------+---------+-------+---------+---------+-------
